 Dungeon Crawl Stone Soup version 0.30-a0-121-gb27577e5d9 (webtiles) character file.

Game seed: 15008027561848120071

14 IdlyInterested the Trooper (level 2, -5/24 HPs)
             Began as a Demonspawn Monk on Sept 14, 2022.
             Splashed by a jelly's acid (8 damage)
             ... on level 1 of the Dungeon.
             The game lasted 00:01:25 (79 turns).

IdlyInterested the Trooper (Demonspawn Monk)          Turns: 79, Time: 00:01:26

Health: -5/24      AC:  2    Str: 11    XL:     2   Next: 27%
Magic:  2/2        EV: 13    Int: 11    God:
Gold:   10         SH:  0    Dex: 15    Spells: 1/1 levels left

rFire   . . .      SeeInvis .    a - +0 short sword
rCold   . . .      Faith    .    (no shield)
rNeg    + . .      Spirit   .    b - +0 robe
rPois   .          Reflect  .    (no helmet)
rElec   .          Harm     .    (no cloak)
rCorr   .          Rampage  .    (no gloves)
Will    .....                    (no boots)
Stlth   ++........               (no amulet)
HPRegen 0.08/turn                d - ring of positive energy
MPRegen 0.16/turn                (no ring)

@: no status effects
A: magic regeneration
a: no special abilities


You were on level 1 of the Dungeon.
You visited 1 branch of the dungeon, and saw 1 of its levels.

You collected 10 gold pieces.

Inventory:

Hand Weapons
 a - a +0 short sword (weapon)
Armour
 b - a +0 robe (worn)
Jewellery
 d - a ring of positive energy (left hand)


   Skills:
 + Level 3.1 Fighting
 * Level 3.0 Short Blades
 + Level 2.8 Dodging
 - Level 1.7 Stealth
 + Level 1.0 Invocations


You had one spell level left.
You didn't know any spells.
Your spell library was empty.

Dungeon Overview and Level Annotations

Branches:
Dungeon (1/15)

Altars:


Innate Abilities, Weirdness & Mutations

You regenerate magic rapidly.


Message History

You miss the jackal. The jackal bites you. The jackal closely misses you.
You hit the jackal.
The jackal is moderately wounded.
The jackal bites you.
You hit the jackal.
The jackal is heavily wounded.
The jackal completely misses you.
You barely miss the jackal.
The jackal is heavily wounded.
The jackal bites you.
You closely miss the jackal.
The jackal is heavily wounded.
The jackal bites you.
* * * LOW HITPOINT WARNING * * *
The jackal misses you.
You barely miss the jackal.
The jackal is heavily wounded.
The jackal barely misses you.
You closely miss the jackal.
The jackal is heavily wounded.
The jackal bites you but does no damage.
You hit the jackal but do no damage.
The jackal is heavily wounded.
The endoplasm jiggles.
The jackal barely misses you.
You hit the jackal.
You kill the jackal!
Your Invocations skill increases to level 1!
Unknown command.
You hit the giant cockroach.
You kill the giant cockroach!
You aren't carrying any items that you can evoke.
You aren't carrying any scrolls.
You hit the jelly.
Your hands burn!
* * * LOW HITPOINT WARNING * * *
The jelly is moderately wounded.
The jelly hits you.
* * * LOW HITPOINT WARNING * * *
You are splashed with acid!
You die...

#############
#..@J........
#.###J#######+###
# #..⌠...>...⌠..#
#..J...<......#
+⌠...†###....⌠+
#.....J†......#
#######J#######
#......r......#
#.............#


You could see a jelly and an endoplasm.

Vanquished Creatures
  An endoplasm (D:1)
  5 giant cockroaches (D:1)
  4 jackals (D:1)
10 creatures vanquished.

Notes
Turn   | Place    | Note
-------+----------+-------------------------------------------
     0 | D:1      | IdlyInterested the Demonspawn Monk began the quest for the
                  | Orb.
     0 | D:1      | Reached XP level 1. HP: 18/18 MP: 1/1
     0 | D:1      | Noticed a jelly
     2 | D:1      | Found a runed translucent door.
    46 | D:1      | Gained mutation: You regenerate magic rapidly. [demonic
                  | ancestry]
    46 | D:1      | Reached XP level 2. HP: 8/24 MP: 2/2
    77 | D:1      | Reached skill level 1 in Invocations
    79 | D:1      | Splashed by a jelly's acid

Illustrated notes

Levels and vault maps discovered:
D:1:      dpeg_arrival_caged_fury, layout_basic,
          dilly_ecumenical_altar_fadedgnrine, corexii_item_surrounded_by_moat

Skill      XL: |  1  2 |
---------------+-------+-----
Short Blades   | 3 |  3.0
Invocations    | 1 |  1.0
Fighting       | |  3.1
Dodging        | |  2.8
Stealth        | |  1.7

Action                   || total
-------------------------++-------
Melee: Short sword       ||    52
       Punch             ||     3
  Use: Potion            ||     1
Armor: Robe              ||    10
Dodge: Dodged            ||    51

Table legend: (Time is in decaauts)
 A = Elapsed time spent in this place.
 B = Non-inter-level travel time spent in this place.
 C = Inter-level travel time spent in this place.
 D = Time resting spent in this place.
 E = Time spent auto-exploring this place.
 F = Levels seen in this place.
 G = Mean time per level.
                   A        B        C        D        E       F      G
               +--------+--------+--------+--------+--------+-----+--------+
         Total |     71 |     71 |      0 |      0 |      0 |   1 |   71.0 |
       Dungeon |     71 |     71 |      0 |      0 |      0 |   1 |   71.0 |
               +--------+--------+--------+--------+--------+-----+--------+

Top non-repeatable levels by time:
     D:1: 71 daAuts
